 Dungeon Crawl Stone Soup version 0.29-a0-409-gd843f3a48c (webtiles) character file.

Game seed: 5775692501009787725

18 Hubjo the Firebug (level 2, -2/16 HPs)
             Began as a Deep Elf Fire Elementalist on May 13, 2022.
             Was a Follower of Fedhas.
             Slain by a kobold
             ... wielding a +0 short sword
              (3 damage)
             ... on level 1 of the Dungeon.
             The game lasted 00:00:44 (606 turns).

Hubjo the Firebug (Deep Elf Fire Elementalist)       Turns: 606, Time: 00:00:45

Health: -2/16      AC:  2    Str:  5    XL:     2   Next: 48%
Magic:  3/8        EV: 12    Int: 19    God:    Fedhas [*.....]
Gold:   43         SH:  0    Dex: 15    Spells: 6/7 levels left

rFire   . . .      SeeInvis .   (no weapon)
rCold   . . .      Faith    .   (no shield)
rNeg    . . .      Spirit   .   a - +0 robe
rPois   .          Reflect  .   (no helmet)
rElec   .          Harm     .   (no cloak)
rCorr   .          Rampage  .   (no gloves)
Will    .....                   (no boots)
Stlth   ++........              (no amulet)
HPRegen 0.05/turn               (no ring)
MPRegen 0.11/turn               (no ring)

@: no status effects
A: no striking features
a: Renounce Religion


You were on level 1 of the Dungeon.
You worshipped Fedhas.
Fedhas was aware of your devotion.
You visited 1 branch of the dungeon, and saw 1 of its levels.

You collected 43 gold pieces.

Inventory:

Hand Weapons
 h - a +0 whip
Armour
 a - a +0 robe (worn)
Scrolls
 c - a scroll of vulnerability {unknown}
 d - a scroll of amnesia {unknown}
 e - a scroll of identify {unknown}
 f - 2 scrolls of poison {unknown}
 g - a scroll of torment {unknown}
 i - a scroll of magic mapping {unknown}
 j - a scroll of fog {unknown}
Potions
 b - a potion of magic


   Skills:
 * Level 1.0 Fighting
 - Level 2.4 Dodging
 + Level 2.8 Stealth
 + Level 3.3 Spellcasting
 - Level 1.1 Conjurations
 + Level 3.5 Fire Magic


You had 6 spell levels left.
You knew the following spells:

 Your Spells              Type           Power      Damage    Failure   Level
a - Foxfire               Conj/Fire      44%        2x1d6     6%          1

Your spell library contained the following spells:

 Spells                   Type           Power      Damage    Failure   Level
 Scorch                   Fire           32%        2d7       5%          2
 Conjure Flame            Conj/Fire      11%        6-21      17%         3
 Inner Flame              Hex/Fire       9%         N/A       22%         3
 Flame Wave               Conj/Fire      11%        2d5       50%         4


Dungeon Overview and Level Annotations

Branches:
Dungeon (1/15)

Altars:
Fedhas


Message History

The foxfire hits the kobold.
You kill the kobold!
There is a dry fountain here.
Your foxfire dissipates!
A kobold comes into view. It is wielding a +0 short sword.
A frilled lizard comes into view.
The frilled lizard hisses angrily.
There is a faded altar of an unknown god here.
You cannot tell which god this altar belongs to.
Convert to them anyway?
Fedhas accepts your prayer! Fedhas welcomes you!
The plants of the dungeon cease their hostilities.
The kobold hits you with a +0 short sword.
The kobold hits you with a +0 short sword.
The kobold hits you but does no damage. The kobold closely misses you.
The frilled lizard misses you. The kobold misses you.
The frilled lizard closely misses you.
The kobold hits you with a +0 short sword.
The frilled lizard barely misses you. The kobold closely misses you.
The frilled lizard closely misses you. The kobold hits you but does no damage.
The frilled lizard barely misses you.
The kobold hits you with a +0 short sword.
* * * LOW HITPOINT WARNING * * *
The frilled lizard bites you but does no damage.
The kobold misses you. The frilled lizard misses you.
The kobold completely misses you. The frilled lizard closely misses you.
The kobold barely misses you. The frilled lizard bites you.
* * * LOW HITPOINT WARNING * * *
The kobold barely misses you. The frilled lizard closely misses you.
The kobold barely misses you. The frilled lizard closely misses you.
The kobold barely misses you. The frilled lizard barely misses you.
The kobold hits you with a +0 short sword.
* * * LOW HITPOINT WARNING * * *
The frilled lizard misses you.
The kobold hits you with a +0 short sword.
You die...
Fedhas appreciates your contribution to the ecosystem.

##..####.#.### #
#####..........(>#
.# ##.#####
.......#####.#.#.##
... ....†...
######.#
#.#†...##..#
##...... #.#
#.#.....#..#
####### #.#
#..........# #.#
##..⌠.......# #.#
##..........# #.#
#......@K...# #.#
#......l.....#
#........⌠#..#
##......)##..#
##....... #
#....#.## #.#.##.#
###### #... .#
...... ######


You could see a kobold and a frilled lizard.

Vanquished Creatures
  2 dart slugs (D:1)
  4 bats (D:1)
  2 endoplasms (D:1)
  A goblin (D:1)
  2 hobgoblins (D:1)
  A kobold (D:1)
  A rat (D:1)
13 creatures vanquished.

Vanquished Creatures (others)
  41 foxfires (D:1)
41 creatures vanquished.

Grand Total: 54 creatures vanquished

Notes
Turn   | Place    | Note
-------+----------+-------------------------------------------
     0 | D:1      | Hubjo the Deep Elf Fire Elementalist began the quest for
                  | the Orb.
     0 | D:1      | Reached XP level 1. HP: 10/10 MP: 6/6
   319 | D:1      | Reached XP level 2. HP: 16/16 MP: 2/8
   570 | D:1      | Found a faded altar of an unknown god.
   585 | D:1      | Reached skill level 1 in Fighting
   590 | D:1      | Prayed at the altar of an unknown god.
   590 | D:1      | Became a worshipper of Fedhas Madash
   590 | D:1      | Reached * piety under Fedhas
   606 | D:1      | Slain by a kobold

Illustrated notes

Levels and vault maps discovered:
D:1:      dpeg_arrival_triangle_fractal, layout_loops_ring,
          hellmonk_ecumenical_altar_run_dry

Skill      XL: |  1  2 |
---------------+-------+-----
Fighting       | 1 |  1.0
Dodging        | |  2.4
Stealth        | |  2.8
Spellcasting   | |  3.3
Conjurations   | |  1.1
Fire Magic     | |  3.5

Action                   || total
-------------------------++-------
 Cast: Foxfire           ||    27
Armor: Robe              ||     4
Dodge: Dodged            ||    23

Table legend: (Time is in decaauts)
 A = Elapsed time spent in this place.
 B = Non-inter-level travel time spent in this place.
 C = Inter-level travel time spent in this place.
 D = Time resting spent in this place.
 E = Time spent auto-exploring this place.
 F = Levels seen in this place.
 G = Mean time per level.
                   A        B        C        D        E       F      G
               +--------+--------+--------+--------+--------+-----+--------+
         Total |    606 |    606 |      0 |      0 |    495 |   1 |  606.0 |
       Dungeon |    606 |    606 |      0 |      0 |    495 |   1 |  606.0 |
               +--------+--------+--------+--------+--------+-----+--------+

Top non-repeatable levels by time:
     D:1: 606 daAuts
